 Dungeon Crawl Stone Soup version 0.20-a0-910-gb611367 (webtiles) character file.

224 Shimatora the Charlatan (level 5, -13/37 HPs)
             Began as a Demonspawn Artificer on Mar 22, 2017.
             Was an Initiate of Nemelex Xobeh.
             Killed from afar by Grinder the ynoxinul (23 damage)
             ... with an iron shot
             ... on level 3 of the Dungeon on Mar 23, 2017.
             The game lasted 00:06:54 (2628 turns).

Shimatora the Charlatan (Demonspawn Artificer)      Turns: 2628, Time: 00:06:54

Health: -13/37     AC:  6    Str: 12    XL:     5   Next: 67%
Magic:  8/8        EV: 12    Int: 12    God:    Nemelex Xobeh [......]
Gold:   130        SH:  0    Dex: 15    Spells: 4/4 levels left

rFire    . . .     SeeInvis .   a - +0 short sword
rCold    . . .     Gourm    .   b - +0 leather armour
rNeg     . . .     Faith    .   (no shield)
rPois    .         Spirit   .   t - +0 hat
rElec    .         Reflect  .   p - +0 cloak
rCorr    .         Harm     .   (no gloves)
MR       .....                  (no boots)
Stlth    +.........             (no amulet)
Regen    0.2/turn               (no ring)
MPRegen  0.2/turn               (no ring)

@: no status effects
A: antennae 1, icy blue scales 1, spiny 1
a: Renounce Religion


You were on level 3 of the Dungeon.
You worshipped Nemelex Xobeh.
Nemelex Xobeh was noncommittal.
You were not hungry.

You visited 1 branch of the dungeon, and saw 3 of its levels.

You collected 130 gold pieces.


Innate Abilities, Weirdness & Mutations

You have a pair of small antennae on your head.
You are partially covered in icy blue scales. (AC +2)
You are partially covered in sharp spines.


   Skills:
 + Level 1.0 Fighting
 - Level 3.3 Short Blades
 - Level 1.7 Dodging
 - Level 0.8 Stealth
 + Level 5.2 Evocations


You had 4 spell levels left.
You didn't know any spells.

Inventory:

Hand Weapons
 a - a +0 short sword (weapon)
Armour
 b - a +0 leather armour (worn)
 p - a +0 cloak (worn)
 t - a +0 hat (worn)
Wands
 c - a wand of flame (7/48)
 d - a wand of enslavement (15/24)
 e - a wand of random effects (15/48)
 n - a wand of acid (7/15)
 x - a wand of polymorph (13/24)
Scrolls
 h - a scroll of fog {unknown}
 i - a scroll of remove curse {unknown}
 m - a scroll of enchant armour {unknown}
 o - a scroll of magic mapping {unknown}
 s - a scroll of recharging {unknown}
Potions
 g - a potion of haste {unknown}
 j - a potion of magic {unknown}
 k - a potion of agility {unknown}
 r - a potion of curing {@q1}
 u - a potion of degeneration {unknown}
 v - a potion of lignification {unknown}
Comestibles
 f - 2 bread rations
 l - a meat ration
 q - 13 fruits

Dungeon Overview and Level Annotations

Branches:
Dungeon (3/15)

Altars:
Nemelex Xobeh

Annotations:
D:3 Grinder

▒.▒ ▒.▒ ▒..
▒▒▒▒▒▒▒▒.▒▒▒▒▒▒▒▒.▒▒▒▒▒..
+.....................>..
▒▒▒▒▒▒....▒▒.▒▒.▒.▒▒▒.▒..
▒.▒<.........▒ ▒.▒..
▒.▒.▒▒▒.▒..▒▒▒ ▒.▒..
▒.)...▒.▒..▒ ▒.▒..
▒▒▒5▒.▒.▒▒▒▒ ▒.▒..
▒6▒+▒.▒ ▒.▒..
▒.......3...▒ ▒.▒..
▒.......5...▒ ▒.▒▒'
............... ▒.▒▒.
▒...........▒▒. ▒.▒▒.
▒............. ▒.▒▒.
▒..........▒▒▒. ▒.▒▒.
▒▒▒▒▒▒▒▒▒▒▒▒ ▒.▒▒.
▒.▒▒▒▒.▒▒.


You could see Grinder the ynoxinul and 2 ufetubi.


Message History

The ufetubus closely misses you. Grinder is struck by your spines.
Grinder hits you.
You closely miss Grinder.
Grinder is severely wounded.
The ufetubus closely misses you. The ufetubus barely misses you.
Grinder hits you.
* * * LOW HITPOINT WARNING * * *
You hit Grinder but do no damage.
Grinder is severely wounded.
The ufetubus is struck by your spines.
You kill the ufetubus!
Grinder is struck by your spines. Grinder hits you.
* * * LOW HITPOINT WARNING * * *
Unknown command.
You hit Grinder but do no damage.
Grinder is severely wounded.
Grinder gestures.
You hit Grinder.
Grinder is almost dead.
The ufetubus hits you.
* * * LOW HITPOINT WARNING * * *
The ufetubus barely misses you. Grinder gestures at you.
The iron shot hits you!
Ouch! That really hurt!
You die...
Your body disappears without a glow.

Action                   |  1- 3 |  4- 6 || total
-------------------------+-------+-------++-------
Melee: Short sword       |    42 |    78 ||   120
Evoke: Wand              |     8 |     3 ||    11
  Use: Scroll            |       |     3 ||     3
 Stab: Distracted        |     1 |       ||     1
       Sleeping          |       |     1 ||     1
  Eat: Chunk             |       |     5 ||     5
Armor: Leather armour    |    12 |    19 ||    31
Dodge: Dodged            |    35 |    48 ||    83

Vault maps used:
D:1:      ncdulo_wetmaze
D:2:      nicolae_overflow_hidden_temple, uniq_sigmund, uniq_robin
D:3:      chequers_ecumenical_altar_lobes, bh_chokoban, uniq_grinder

Notes
Turn   | Place    | Note
-------+----------+-------------------------------------------
     0 | D:1      | Shimatora the Demonspawn Artificer began the quest for the Orb.
     0 | D:1      | Reached XP level 1. HP: 15/15 MP: 3/3
    74 | D:1      | Reached skill level 1 in Short Blades
   549 | D:1      | Gained mutation: You are partially covered in sharp spines. [demonic ancestry]
   549 | D:1      | Reached XP level 2. HP: 20/21 MP: 4/4
   733 | D:2      | Noticed Robin
   861 | D:1      | Upgraded the game from 0.20-a0-904-gd863c46 to 0.20-a0-910-gb611367
   957 | D:2      | Noticed Sigmund
   979 | D:2      | Killed Sigmund
   979 | D:2      | Reached skill level 3 in Short Blades
   979 | D:2      | Reached skill level 4 in Evocations
   979 | D:2      | Gained mutation: You have a pair of small antennae on your head. [demonic ancestry]
   979 | D:2      | Reached XP level 3. HP: 8/26 MP: 4/6
   979 | D:2      | Gained mutation: You are partially covered in icy blue scales. (AC +2) [demonic ancestry]
   979 | D:2      | Reached XP level 4. HP: 10/32 MP: 4/7
   979 | D:2      | Reached XP level 5. HP: 12/37 MP: 4/8
  1901 | D:2      | Reached skill level 5 in Evocations
  1964 | D:2      | Found a sparkling altar of Nemelex Xobeh.
  2169 | D:2      | Killed Robin
  2562 | D:2      | Became a worshipper of Nemelex Xobeh the Trickster
  2605 | D:3      | Noticed Grinder
  2614 | D:3      | Received a gift from Nemelex Xobeh
  2616 | D:3      | Noticed Grinder
  2616 | D:3      | Grinder changed into Grinder the ynoxinul
  2628 | D:3      | Killed from afar by Grinder the ynoxinul

Vanquished Creatures
  Sigmund (D:2)
  Robin (D:2)
  An adder (D:2)
  A worm (D:2)
  2 dart slugs
  3 giant cockroaches
  5 goblins
  7 hobgoblins
  4 kobolds
  A quokka (D:3)
  2 ball pythons
  6 bats
  3 frilled lizards (D:2)
  7 rats
44 creatures vanquished.
